TOP OF THE 1ST |
Princeton Rays batting - Pitching for Detroit (APP) Tigers : RHP Nobunori Kato
|
Pitching: RHP Nobunori Kato
|
|
Batting: LHB Jason McCamey
|
0-0: Ball 1-0: Ball 2-0: Ball 3-0: Base on Balls
|
Batting: RHB Will Timmer
|
0-0: Called Strike Jason McCamey steals 2nd base (no throw) 0-1: Ball 1-1: Swinging Strike 1-2: Strikes out swinging
|
Batting: LHB Yasahiko Teshima
|
0-0: Foul Ball, location: 2F 0-1: Swinging Strike 0-2: SINGLE (Line Drive, 78M, EV 91.9 MPH) Jason McCamey to third
|
Batting: RHB Hugo Bautista
|
0-0: Ball Yasahiko Teshima steals 2nd, throwing error, E2 Jason McCamey scores Yasahiko Teshima to third 1-0: Ball 2-0: Called Strike 2-1: Ground out U3 (Groundball, 3, EV 105.0 MPH)
|
Batting: SHB Tristan Dearing
|
0-0: Fly out, F9 (Line Drive, 9, EV 110.0 MPH)
|
Top of the 1st over - 1 run, 1 hit, 1 error, 1 left on base; Princeton 1 - Detroit (APP) 0 |
BOTTOM OF THE 1ST |
Detroit (APP) Tigers batting - Pitching for Princeton Rays : RHP Doug Peternek
|
Pitching: RHP Doug Peternek
|
|
Batting: RHB Brian Bartholomew
|
0-0: Ball 1-0: Ball 2-0: Fly out, F7 (Flyball, 78M, EV 83.1 MPH)
|
Batting: RHB Raul Villa
|
0-0: Fly out, F3 (Popup, 3SF, EV 81.3 MPH)
|
Batting: RHB Drew Shamis
|
0-0: Ball 1-0: Foul Ball, location: 2F 1-1: Ball 2-1: Ball 3-1: Foul Ball, location: 2F 3-2: Foul Ball, location: 2F 3-2: Base on Balls
|
Batting: RHB Mark Williamson
|
0-0: Ball Drew Shamis steals 2nd base 1-0: Ball 2-0: Ground out 6-3 (Groundball, 56, EV 99.4 MPH)
|
Bottom of the 1st over - 0 runs, 0 hits, 0 errors, 1 left on base; Princeton 1 - Detroit (APP) 0 |
TOP OF THE 2ND |
Princeton Rays batting - Pitching for Detroit (APP) Tigers : RHP Nobunori Kato
|
Batting: RHB Jorge Molina
|
0-0: Foul Ball, location: 2F 0-1: Foul Ball, location: 2F 0-2: SINGLE (Groundball, 4MD, EV 102.5 MPH)
|
Batting: RHB Eric Bushey
|
0-0: Ball 1-0: Fly out, F8 (Flyball, 8RM, EV 91.3 MPH)
|
Batting: RHB Andy Torres
|
0-0: Called Strike 0-1: Fly out, F7 (Line Drive, 7, EV 91.9 MPH)
|
Batting: RHB Jimmy Hammertime
|
0-0: Ball 1-0: Swinging Strike 1-1: Called Strike 1-2: Ball 2-2: Foul Ball, location: 2F 2-2: Strikes out swinging
|
Top of the 2nd over - 0 runs, 1 hit, 0 errors, 1 left on base; Princeton 1 - Detroit (APP) 0 |
BOTTOM OF THE 2ND |
Detroit (APP) Tigers batting - Pitching for Princeton Rays : RHP Doug Peternek
|
Batting: RHB Danny Doster
|
0-0: Fly out, F8 (Flyball, 8RD, EV 100.6 MPH)
|
Batting: LHB Mike Elliott
|
0-0: Foul Ball, location: 2F 0-1: Called Strike 0-2: Ball 1-2: DOUBLE (Flyball, 78D, EV 104.4 MPH)
|
Batting: RHB Mike Pollock
|
0-0: Ground out U3 (Groundball, 3L, EV 87.5 MPH) Mike Elliott to third
|
Batting: RHB Mike Ivanov
|
0-0: Ball 1-0: Ball 2-0: Ball 3-0: Base on Balls
|
Batting: LHB Bryan Heiner
|
0-0: Called Strike 0-1: Fly out, F4 (Line Drive, 4, EV 68.1 MPH)
|
Bottom of the 2nd over - 0 runs, 1 hit, 0 errors, 2 left on base; Princeton 1 - Detroit (APP) 0 |
TOP OF THE 3RD |
Princeton Rays batting - Pitching for Detroit (APP) Tigers : RHP Nobunori Kato
|
Batting: LHB Jason McCamey
|
0-0: Called Strike 0-1: Ball 1-1: Swinging Strike 1-2: Ball 2-2: Strikes out swinging, 2-3 out at first.
|
Batting: RHB Will Timmer
|
0-0: Called Strike 0-1: Foul Ball, location: 2F 0-2: Ball 1-2: Strikes out swinging
|
Batting: LHB Yasahiko Teshima
|
0-0: Fly out, F8 (Line Drive, 8LD, EV 95.0 MPH)
|
Top of the 3rd over - 0 runs, 0 hits, 0 errors, 0 left on base; Princeton 1 - Detroit (APP) 0 |
BOTTOM OF THE 3RD |
Detroit (APP) Tigers batting - Pitching for Princeton Rays : RHP Doug Peternek
|
Batting: RHB Brian Bartholomew
|
0-0: Ball 1-0: Ball 2-0: Swinging Strike 2-1: Ground out 5-3 (Groundball, 5, EV 81.9 MPH)
|
Batting: RHB Raul Villa
|
0-0: Called Strike 0-1: Ball 1-1: Fly out, F8 (Line Drive, 8RM, EV 92.5 MPH)
|
Batting: RHB Drew Shamis
|
0-0: Ball 1-0: Swinging Strike 1-1: Ground out 5-3 (Groundball, 5L, EV 81.3 MPH)
|
Bottom of the 3rd over - 0 runs, 0 hits, 0 errors, 0 left on base; Princeton 1 - Detroit (APP) 0 |
TOP OF THE 4TH |
Princeton Rays batting - Pitching for Detroit (APP) Tigers : RHP Nobunori Kato
|
Batting: RHB Hugo Bautista
|
0-0: Ball 1-0: Ground out 4-3 (Groundball, 4, EV 76.9 MPH)
|
Batting: SHB Tristan Dearing
|
0-0: Ground out 1-3 (Groundball, 13S, EV 70.6 MPH)
|
Batting: RHB Jorge Molina
|
0-0: Fly out, F9 (Flyball, 9LDF, EV 74.4 MPH)
|
Top of the 4th over - 0 runs, 0 hits, 0 errors, 0 left on base; Princeton 1 - Detroit (APP) 0 |
BOTTOM OF THE 4TH |
Detroit (APP) Tigers batting - Pitching for Princeton Rays : RHP Doug Peternek
|
Batting: RHB Mark Williamson
|
0-0: Ground out 5-3 (Groundball, 5L, EV 101.9 MPH)
|
Batting: RHB Danny Doster
|
0-0: Called Strike 0-1: Called Strike 0-2: Strikes out looking
|
Batting: LHB Mike Elliott
|
0-0: Ball 1-0: Called Strike 1-1: Foul Ball, location: 2F 1-2: Strikes out looking
|
Bottom of the 4th over - 0 runs, 0 hits, 0 errors, 0 left on base; Princeton 1 - Detroit (APP) 0 |
TOP OF THE 5TH |
Princeton Rays batting - Pitching for Detroit (APP) Tigers : RHP Nobunori Kato
|
Batting: RHB Eric Bushey
|
0-0: Ball 1-0: Called Strike 1-1: Ball 2-1: Foul Ball, location: 2F 2-2: Foul Ball, location: 2F 2-2: Ground out 2-3 (Groundball, 15S, EV 76.3 MPH)
|
Batting: RHB Andy Torres
|
0-0: Fly out, F7 (Flyball, 7D, EV 96.3 MPH)
|
Batting: RHB Jimmy Hammertime
|
0-0: SINGLE (Groundball, 56D, EV 94.4 MPH)
|
Batting: LHB Jason McCamey
|
0-0: Ball 1-0: Ball 2-0: SINGLE (Line Drive, 6MD, EV 99.4 MPH) Jimmy Hammertime to second Runner from 2nd tries for 3rd, SAFE, no throw by CF
|
Batting: RHB Will Timmer
|
0-0: Called Strike 0-1: Fly out, F8 (Flyball, 8LXD, EV 106.3 MPH)
|
Top of the 5th over - 0 runs, 2 hits, 0 errors, 2 left on base; Princeton 1 - Detroit (APP) 0 |
BOTTOM OF THE 5TH |
Detroit (APP) Tigers batting - Pitching for Princeton Rays : RHP Doug Peternek
|
Batting: RHB Mike Pollock
|
0-0: Ball 1-0: Ground out 6-3 (Groundball, 56, EV 91.9 MPH)
|
Batting: RHB Mike Ivanov
|
0-0: Ball 1-0: Called Strike 1-1: Fly out, F3 (Line Drive, 3, EV 69.4 MPH)
|
Batting: LHB Bryan Heiner
|
0-0: Ball
|
|
Rain delay of 52 minutes in the 5th inning.
|
|
1-0: Ball 2-0: Ball 3-0: Base on Balls
|
Batting: RHB Brian Bartholomew
|
0-0: Fielders Choice at 2nd, 6-4 (Groundball, 6, EV 106.3 MPH)
|
Bottom of the 5th over - 0 runs, 0 hits, 0 errors, 1 left on base; Princeton 1 - Detroit (APP) 0 |
TOP OF THE 6TH |
Princeton Rays batting - Pitching for Detroit (APP) Tigers : RHP Nobunori Kato
|
Batting: LHB Yasahiko Teshima
|
0-0: Ball 1-0: Called Strike 1-1: Ball 2-1: DOUBLE (Line Drive, 78XD, EV 108.8 MPH)
|
Pitching: RHP David Buchs
|
|
Batting: RHB Hugo Bautista
|
0-0: Ball 1-0: Ball Passed Ball! Yasahiko Teshima to third 2-0: Foul Ball, location: 2F 2-1: Foul Ball, location: 2F 2-2: Fly out, F7 (Line Drive, 7D, EV 91.3 MPH) Runner from 3rd tags up, SCORES, throw by LF
|
Batting: SHB Tristan Dearing
|
0-0: Foul Ball, location: 2F 0-1: Ball 1-1: Foul Ball, location: 2F 1-2: Ball 2-2: Strikes out swinging
|
Batting: RHB Jorge Molina
|
0-0: Foul Ball, location: 2F 0-1: Called Strike 0-2: Ball 1-2: Foul Ball, location: 2F 1-2: Ball 2-2: Ball 3-2: Base on Balls
|
Batting: RHB Eric Bushey
|
0-0: Ball 1-0: Ground out 6-3 (Groundball, 6MD, EV 101.3 MPH)
|
Top of the 6th over - 1 run, 1 hit, 0 errors, 1 left on base; Princeton 2 - Detroit (APP) 0 |
BOTTOM OF THE 6TH |
Detroit (APP) Tigers batting - Pitching for Princeton Rays : RHP Doug Peternek
|
Batting: RHB Raul Villa
|
0-0: Ball 1-0: Ball 2-0: Ball 3-0: Called Strike 3-1: Base on Balls
|
Batting: RHB Drew Shamis
|
0-0: Ball 1-0: Ball 2-0: Called Strike 2-1: Ball 3-1: Fly out, F3 (Popup, 3, EV 72.5 MPH)
|
Pitching: RHP Oscar Borges
|
|
Batting: RHB Mark Williamson
|
0-0: Ball 1-0: Ball 2-0: Ball 3-0: Called Strike 3-1: Base on Balls Raul Villa to second
|
Batting: RHB Danny Doster
|
0-0: Ball 1-0: Called Strike 1-1: Ball 2-1: Ball 3-1: Called Strike 3-2: Grounds into double play, 5-4-3 (Groundball, 56, EV 107.5 MPH)
|
Bottom of the 6th over - 0 runs, 0 hits, 0 errors, 1 left on base; Princeton 2 - Detroit (APP) 0 |
TOP OF THE 7TH |
Princeton Rays batting - Pitching for Detroit (APP) Tigers : RHP David Buchs
|
Batting: RHB Andy Torres
|
0-0: Foul Ball, location: 2F 0-1: Foul Ball, location: 2F 0-2: Strikes out swinging
|
Batting: RHB Jimmy Hammertime
|
0-0: Ground out 5-3 (Groundball, 56S, EV 73.1 MPH)
|
Batting: LHB Jason McCamey
|
0-0: Swinging Strike 0-1: Foul Ball, location: 2F 0-2: Ball 1-2: Foul Ball, location: 2F 1-2: Fly out, F4 (Line Drive, 4, EV 66.9 MPH)
|
Top of the 7th over - 0 runs, 0 hits, 0 errors, 0 left on base; Princeton 2 - Detroit (APP) 0 |
BOTTOM OF THE 7TH |
Detroit (APP) Tigers batting - Pitching for Princeton Rays : RHP Oscar Borges
|
Batting: LHB Mike Elliott
|
0-0: Ball 1-0: Foul Ball, location: 2F 1-1: Ball 2-1: Ground out 5-3 (Groundball, 5D, EV 100.0 MPH)
|
Batting: RHB Mike Pollock
|
0-0: Ball 1-0: Called Strike 1-1: Fly out, F8 (Line Drive, 8RD, EV 86.9 MPH)
|
Batting: RHB Mike Ivanov
|
0-0: Called Strike 0-1: Swinging Strike 0-2: Ball 1-2: Ball 2-2: Strikes out swinging
|
Bottom of the 7th over - 0 runs, 0 hits, 0 errors, 0 left on base; Princeton 2 - Detroit (APP) 0 |
TOP OF THE 8TH |
Princeton Rays batting - Pitching for Detroit (APP) Tigers : RHP David Buchs
|
Batting: RHB Will Timmer
|
0-0: Ball 1-0: Ball 2-0: Reached on error, E6 (Groundball, 6, EV 84.4 MPH)
|
Batting: LHB Yasahiko Teshima
|
0-0: Fly out, F7 (Flyball, 7LMF, EV 88.8 MPH)
|
Batting: RHB Hugo Bautista
|
0-0: Intentional Walk
|
Batting: SHB Tristan Dearing
|
0-0: Swinging Strike 0-1: Called Strike Will Timmer steals 3rd base Hugo Bautista to second 0-2: Strikes out swinging
|
Batting: RHB Jorge Molina
|
0-0: Called Strike 0-1: Ground out 5-3 (Groundball, 56S, EV 62.5 MPH)
|
Top of the 8th over - 0 runs, 0 hits, 1 error, 2 left on base; Princeton 2 - Detroit (APP) 0 |
BOTTOM OF THE 8TH |
Detroit (APP) Tigers batting - Pitching for Princeton Rays : RHP Oscar Borges
|
Pitching: RHP Korey Warner
|
|
Batting: LHB Bryan Heiner
|
0-0: Ball 1-0: Ground out 4-3 (Groundball, 4S, EV 81.3 MPH)
|
Batting: RHB Brian Bartholomew
|
0-0: Fly out, F8 (Flyball, 8RD, EV 98.1 MPH)
|
Batting: RHB Raul Villa
|
0-0: Foul Ball, location: 2F 0-1: Ball 1-1: Ball 2-1: Foul Ball, location: 2F 2-2: Ground out 6-3 (Groundball, 6M, EV 81.3 MPH)
|
Bottom of the 8th over - 0 runs, 0 hits, 0 errors, 0 left on base; Princeton 2 - Detroit (APP) 0 |
TOP OF THE 9TH |
Princeton Rays batting - Pitching for Detroit (APP) Tigers : RHP David Buchs
|
Pitching: RHP Mike Manis
|
|
Batting: RHB Eric Bushey
|
0-0: Called Strike 0-1: Swinging Strike 0-2: Foul Ball, location: 2F 0-2: Strikes out looking
|
Batting: RHB Andy Torres
|
0-0: Called Strike 0-1: Ball 1-1: Fly out, F8 (Flyball, 8RM, EV 82.5 MPH)
|
Batting: RHB Jimmy Hammertime
|
0-0: SINGLE (Groundball, 6S, EV 66.3 MPH) (infield hit)
|
Batting: LHB Jason McCamey
|
0-0: Called Strike 0-1: Swinging Strike 0-2: Ball 1-2: Strikes out looking
|
Top of the 9th over - 0 runs, 1 hit, 0 errors, 1 left on base; Princeton 2 - Detroit (APP) 0 |
BOTTOM OF THE 9TH |
Detroit (APP) Tigers batting - Pitching for Princeton Rays : RHP Korey Warner
|
Pitching: LHP Xu-gang Zhou
|
|
Now at 1B: Lucas Burhil
|
|
Batting: RHB Drew Shamis
|
0-0: Foul Ball, location: 2F 0-1: Foul Ball, location: 2F 0-2: Strikes out swinging
|
Batting: RHB Mark Williamson
|
0-0: Called Strike 0-1: Ball 1-1: Swinging Strike 1-2: Ball 2-2: Strikes out looking
|
Batting: RHB Danny Doster
|
0-0: Ground out 6-3 (Groundball, 6, EV 83.8 MPH)
|
Bottom of the 9th over - 0 runs, 0 hits, 0 errors, 0 left on base; Princeton 2 - Detroit (APP) 0 |
 |
Thursday, December 15th , 2022 - OOTP Baseball 23.9 Build 102
|
|